 Dungeon Crawl Stone Soup version 0.29.1-2-gbd0b4ee654 (webtiles) character file.

Game seed: 10663005904428467149

110 hawla the Firebug (level 5, 0/38 HPs)
             Began as a Meteoran Fire Elementalist on Nov 3, 2022.
             Slain by a gnoll
             ... wielding a +0 club
              (2 damage)
             ... on level 3 of the Dungeon.
             The game lasted 00:05:55 (1711 turns).

hawla the Firebug (Meteoran Fire Elementalist)      Turns: 1711, Time: 00:05:55

Health: 0/38       AC: 12    Str:  8    XL:     5   Next: 38%
Magic:  12/12      EV: -3    Int: 22    God:
Gold:   110        SH:  0    Dex: 14    Spells: 3/10 levels left

rFire   + + .      SeeInvis .   i - staff of conjuration
rCold   + . .      Faith    .   (no shield)
rNeg    . . .      Spirit   .   p - +0 gold dragon scales
rPois   +          Reflect  .   (helmet restricted)
rElec   .          Harm     .   (no cloak)
rCorr   .          Rampage  .   (no gloves)
Will    .....      Rage     3%  (no boots)
Stlth   ..........              (no amulet)
HPRegen 0.12/turn               g - ring of protection from fire
MPRegen 0.13/turn               c - +4 ring of evasion

@: weak-willed, glowing, bezotted
A: sense surroundings 1, otherworldly, glowing, explore regen, horns 1, berserk
1, clever 1, high MP 1
a: no special abilities


You were on level 3 of the Dungeon.
You visited 1 branch of the dungeon, and saw 3 of its levels.

You collected 110 gold pieces.

Inventory:

Armour
 a - a +0 robe
 o - a +0 helmet
 p - +0 gold dragon scales (worn)
Magical Staves
 i - a staff of conjuration (weapon)
Jewellery
 c - a +4 ring of evasion (right hand)
 g - a ring of protection from fire (left hand)
 l - a ring of resist corrosion
Wands
 q - a wand of roots (9)
Scrolls
 f - 4 scrolls of vulnerability
 k - a scroll of identify
 n - a scroll of enchant armour {unknown}
 r - a scroll of magic mapping {unknown}
Potions
 b - a potion of brilliance
 d - a potion of haste
 j - a potion of degeneration {unknown}
 m - a potion of attraction {unknown}


   Skills:
 + Level 0.2 Staves
 + Level 3.0 Dodging
 - Level 1.4 Stealth
 + Level 3.4 Spellcasting
 + Level 2.1 Conjurations
 + Level 5.5 Fire Magic


You had 3 spell levels left.
You knew the following spells:

 Your Spells              Type           Power      Damage    Failure   Level
a - Foxfire               Conj/Fire      100%       2x1d9     100%        1
b - Scorch                Fire           56%        2d8       100%        2
c - Flame Wave            Conj/Fire      31%        2d9       100%        4

Your spell library contained the following spells:

 Spells                   Type           Power      Damage    Failure   Level
 Shock                    Conj/Air       48%        1d6       100%        1
 Conjure Flame            Conj/Fire      31%        6-21      100%        3
 Inner Flame              Hex/Fire       15%        N/A       100%        3


Dungeon Overview and Level Annotations

Branches:
Dungeon (3/15) Zot: 95

Altars:
Fedhas
Okawaru
Xom

Shops:
D:1 (   D:2 *


Innate Abilities, Weirdness & Mutations

You passively map a small area around you.
You are easily found by Zot.
You glow in the dark.
You regain HP and MP as you explore.
You have a pair of small horns on your head.
You sometimes lose your temper in combat.
Your mind is acute. (Int +4, Str/Dex -1)
You have an increased reservoir of magic. (+10% MP)


Message History

You closely miss the gnoll. The gnoll hits you with a +0 whip. x2
You closely miss the gnoll.
The gnoll hits you but does no damage. x4
You hit the gnoll but do no damage. The gnoll hits you with a +0 club.
The gnoll hits you but does no damage. x2
You completely miss the gnoll. The gnoll hits you with a +0 club.
The gnoll hits you with a +0 whip. The gnoll hits you but does no damage.
You hit the gnoll.
The gnoll is moderately wounded.
The gnoll hits you but does no damage. x2; The gnoll hits you with a +0 whip.
You are too injured to fight recklessly!
Casting: Scorch (extremely dangerous; 100% risk of failure)
Confirm with . or Enter, or press ? or * to list all spells.
It is impossible to cast this spell (100% risk of failure)!
Unknown command.
The gnoll attacks as you move away! The gnoll hits you but does no damage.
The gnoll attacks as you move away! The gnoll hits you but does no damage.
The gnoll attacks as you move away! The gnoll hits you with a +0 club.
You have lingered too long.
Zot senses you.
Dive deeper or flee this branch before you suffer!
As you read the scroll labelled OPEAMU QOZI, it crumbles to dust.
Magic quickly surges around you.
It was a scroll of vulnerability.
The gnoll hits you but does no damage.
As you read the scroll labelled PEGEN WYDGHUST, it crumbles to dust.
You hear a loud clanging noise!
It was a scroll of noise.
You hear a shout!
The gnoll hits you with a +0 club. The gnoll hits you with a +0 whip.
* * * LOW HITPOINT WARNING * * *
As you read the scroll labelled KOREAR AFROE, it crumbles to dust.
It is a scroll of identify.
b - a potion of brilliance The gnoll hits you with a +0 club.
* * * LOW HITPOINT WARNING * * *
The gnoll hits you with a +0 whip.
* * * LOW HITPOINT WARNING * * *
The gnoll hits you but does no damage.
It was a potion of mutation.
You feel extremely strange.
You feel clever.
You feel more energetic.
You feel a little pissed off. A pair of horns grows on your head!
Your +0 helmet falls away!
The gnoll hits you with a +0 club.
You die...

..............#. #.# *
#####..#.###.#. #.# #
########..#..<#.# #.# #. * ,
,..........#.###.#, #.# #.#+#
###########.#.# #.#, *, #....
##.#.#.#.#.#.#.# #.# *
#....##............#.# #.# *
#.....##.#.#.#g#)#.#.# #.#
#.............g@...#.# #.#
#....###.#.#.#g#.#.#.# #.# #....
#............#.# #.# #....
##.#.#.#.#.#.#.###.# #....
#............#.)...#
#....*##.#.#.#.#)#.#.###.#####
#....*#........<.............###
#...= ##.#.#.#.#.#..............
+ #...#####.#...#######.###


You could see 3 gnolls.

Vanquished Creatures
  Robin (D:3)
  2 adders (D:2)
  A worm (D:3)
  An orc (D:3)
  7 ball pythons
  6 endoplasms
  3 giant cockroaches (D:2)
  16 goblins
  5 hobgoblins
  9 jackals
  5 bats
  4 frilled lizards (D:2)
  7 kobolds
  A rat (D:3)
68 creatures vanquished.

Vanquished Creatures (others)
  53 foxfires
  4 plants
  5 toadstools (D:1)
62 creatures vanquished.

Grand Total: 130 creatures vanquished

Notes
Turn   | Place    | Note
-------+----------+-------------------------------------------
     0 | D:1      | hawla the Meteoran Fire Elementalist began the quest for
                  | the Orb.
     0 | D:1      | Reached XP level 1. HP: 14/14 MP: 5/5
   131 | D:1      | Reached XP level 2. HP: 11/20 MP: 5/7
   138 | D:1      | Found Qios Kid's Weapon Shoppe.
   220 | D:1      | Learned a level 2 spell: Scorch
   247 | D:1      | Reached skill level 4 in Fire Magic
   498 | D:1      | Glimpsed the power of Zot.
   514 | D:2      | Reached XP level 3. HP: 26/26 MP: 2/8
   631 | D:2      | Reached XP level 4. HP: 33/33 MP: 8/10
   636 | D:2      | Learned a level 4 spell: Flame Wave
   643 | D:2      | Found a faded altar of an unknown god.
   653 | D:2      | Got Plato's Papyrus of the Barrage
   915 | D:2      | Found Nurphouly's General Store.
  1080 | D:3      | Reached skill level 5 in Fire Magic
  1135 | D:3      | Found an iron altar of Okawaru.
  1136 | D:3      | Found a blossoming altar of Fedhas.
  1136 | D:3      | Found a shimmering altar of Xom.
  1284 | D:3      | Noticed Robin
  1292 | D:3      | Reached XP level 5. HP: 29/38 MP: 6/11
  1292 | D:3      | Killed Robin
  1707 | D:3      | Glimpsed the power of Zot.
  1711 | D:3      | Gained mutation: Your mind is acute. (Int +4, Str/Dex -1)
                  | [potion of mutation]
  1711 | D:3      | Gained mutation: You have an increased reservoir of magic.
                  | (+10% MP) [potion of mutation]
  1711 | D:3      | Gained mutation: You sometimes lose your temper in combat.
                  | [potion of mutation]
  1711 | D:3      | Gained mutation: You have a pair of small horns on your
                  | head. [potion of mutation]
  1711 | D:3      | Slain by a gnoll

Illustrated notes

Levels and vault maps discovered:
D:1:      ldierk_walled_garden, layout_loops_ring, serial_shops, shop
D:2:      layout_basic, shapermc_ecumenical_altar_rom_forum, serial_shops,
          shop_fountains
D:3:      layout_basic, gammafunk_temple_overflow_forgotten, st_stairs_10,
          serial_bayou_pond_d, uniq_jessica, uniq_robin

Skill      XL: |  1  2  3  4  5 |
---------------+----------------+-----
Spellcasting   | 3 |  3.4
Fire Magic     | 4 5 |  5.5
Dodging        | 3 |  3.0
Conjurations   | 2 |  2.1
Staves         | |  0.2
Stealth        | |  1.4

Action                   |  1- 3 |  4- 6 || total
-------------------------+-------+-------++-------
Melee: Unarmed           |     4 |     3 ||     7
       Staff             |       |    71 ||    71
 Cast: Foxfire           |    20 |    15 ||    35
       Scorch            |     9 |    21 ||    30
       Flame Wave        |       |     2 ||     2
  Use: Scroll            |     1 |     3 ||     4
       Potion            |     2 |     2 ||     4
Armor: Robe              |     7 |     2 ||     9
       Gold dragon scale |       |   114 ||   114
Dodge: Dodged            |    15 |    18 ||    33
